[Event "Titled Tuesday Blitz June 1 2021"]
[White "Girish, A. Koushik"]
[Black "Topalov, Aleksandar"]
[WhiteFideId "5038448"]
[BlackFideId "925659"]
[WhiteElo "2387"]
[BlackElo "2228"]
[Result "1-0"]
[Round "10"]
[TimeControl "180+1"]
[Date "2021.06.01"]
[WhiteClock "0:00:20"]
[BlackClock "0:00:03"]

1. d4 Nf6 2. Bg5 g6 3. Bxf6 exf6 4. e3 f5 5. g3 h5 6. h4 d6 7. Bg2 Nd7 8. Ne2 Nf6 9. c4 Ng4 10. Nbc3 Bh6 11. Qb3 O-O 12. Nd5 c6 13. Ndf4 Qe7 14. O-O g5 15. hxg5 Qxg5 16. f3 Nf6 17. Kf2 Re8 18. Rh1 Re7 19. Rh4 Bd7 20. Rah1 Rae8 21. Qd3 Bg7 22. Bf1 a6 23. Ng2 b5 24. Nef4 bxc4 25. Qxc4 c5 26. Rxh5 Nxh5 27. Rxh5 Qf6 28. Nd5 Qg6 29. Ngf4 Qxh5 30. Nxe7+ Rxe7 31. Nxh5 cxd4 32. Nxg7 dxe3+ 33. Ke1 Bb5 34. Qd4 e2 35. Bh3 Rc7 36. Qd2 Kxg7 37. Qg5+ Kh8 38. Qd8+ Kg7 39. Qxc7 1-0


[Site "https://www.chess.com"]

[Event "Titled Tuesday Blitz June 1 2021"]
[White "Girsh, Daniel"]
[Black "Ozkan, Ervin"]
[WhiteFideId "30949190"]
[BlackFideId "6306004"]
[WhiteElo "2398"]
[BlackElo "2226"]
[Result "0-1"]
[Round "10"]
[TimeControl "180+1"]
[Date "2021.06.01"]
[WhiteClock "0:00:16"]
[BlackClock "0:00:48"]

1. d4 Nf6 2. c4 g6 3. Nc3 d5 4. Nf3 Bg7 5. Bg5 Ne4 6. Bh4 Nxc3 7. bxc3 dxc4 8. e3 O-O 9. Bxc4 b6 10. O-O c5 11. a4 Bb7 12. a5 Qc7 13. a6 Bc6 14. Bg3 Qc8 15. Ne5 cxd4 16. cxd4 Bxe5 17. Bxe5 Bxg2 18. Bxf7+ Rxf7 19. Kxg2 Nxa6 20. f3 Nb4 21. Qb3 Qc2+ 22. Qxc2 Nxc2 23. Rae1 Nxe1+ 24. Rxe1 e6 25. Rc1 a5 26. Rc6 Rb7 27. Rxe6 a4 28. d5 a3 29. d6 a2 30. Ba1 b5 31. d7 Rxd7 32. Rb6 Rd1 33. Be5 Rb1 34. Rb7 a1=Q 35. Rg7+ Kf8 36. Bxa1 Ra2+ 37. Kg3 Rg1+ 38. Kf4 Raxa1 39. Rxh7 b4 40. Rb7 Rab1 41. Ke5 b3 42. Kf6 Ke8 43. Ke6 Kd8 44. e4 b2 45. e5 Rg2 46. Kf7 Rf1 47. e6 Rxf3+ 48. Kg7 Re2 49. h4 Rf1 50. h5 gxh5 51. Rb4 b1=Q 52. e7+ Rxe7+ 53. Kh6 Qh7+ 54. Kg5 Qf5+ 55. Kh6 Rh7# 0-1


[Site "https://www.chess.com"]

[Event "Titled Tuesday Blitz June 1 2021"]
[White "Gokerkan, Cem Kaan"]
[Black "Vazquez, Facundo"]
[WhiteFideId "6336760"]
[BlackFideId "3007669"]
[WhiteElo "2361"]
[BlackElo "1984"]
[Result "1-0"]
[Round "10"]
[TimeControl "180+1"]
[Date "2021.06.01"]
[WhiteClock "0:01:37"]
[BlackClock "0:00:02"]

1. b3 d5 2. Bb2 c5 3. Nf3 Nc6 4. e3 Nf6 5. d4 e6 6. Nbd2 cxd4 7. exd4 Bd6 8. Bd3 h6 9. O-O Qc7 10. a3 Bd7 11. Re1 O-O 12. c4 Rad8 13. c5 Bf4 14. b4 a6 15. g3 Bxd2 16. Qxd2 Ne7 17. a4 Nf5 18. b5 Ne4 19. Qb4 a5 20. Qb3 Ng5 21. Nxg5 hxg5 22. Qc3 Rc8 23. b6 Qd8 24. Qxa5 Qf6 25. Qd2 Nh6 26. a5 Ng4 27. h3 Nh6 28. a6 bxa6 29. Bxa6 Rb8 30. Rac1 Bc6 31. Qe2 Qf5 32. Kh2 g4 33. Bd3 Qh5 34. h4 g5 35. Qe5 f6 36. Qxe6+ 1-0


[Site "https://www.chess.com"]

[Event "Titled Tuesday Blitz June 1 2021"]
[White "Goryachkina, Aleksandra"]
[Black "Cunjalo, Faris"]
[WhiteFideId "4147103"]
[BlackFideId "14410710"]
[WhiteElo "2441"]
[BlackElo "2234"]
[Result "1-0"]
[Round "10"]
[TimeControl "180+1"]
[Date "2021.06.01"]
[WhiteClock "0:01:00"]
[BlackClock "0:00:24"]

1. e4 e5 2. Nf3 Nc6 3. d4 exd4 4. Nxd4 Nf6 5. Nxc6 bxc6 6. Nc3 d5 7. exd5 cxd5 8. Bb5+ Bd7 9. Bxd7+ Qxd7 10. O-O Be7 11. Bg5 c6 12. Re1 O-O 13. Qf3 Rfe8 14. h3 h6 15. Bh4 Rab8 16. b3 Rb4 17. Bg3 Bd6 18. Rxe8+ Nxe8 19. Re1 Nf6 20. Bxd6 Qxd6 21. Qe2 Rb7 22. Nd1 Ne4 23. Ne3 Re7 24. Nf5 Qf6 25. Nxe7+ Qxe7 26. f3 Qc5+ 27. Qe3 1-0


[Site "https://www.chess.com"]

[Event "Titled Tuesday Blitz June 1 2021"]
[White "Grieve, Harry"]
[Black "Tejedor Fuente, Enrique"]
[WhiteFideId "426520"]
[BlackFideId "2299100"]
[WhiteElo "2191"]
[BlackElo "2535"]
[Result "0-1"]
[Round "10"]
[TimeControl "180+1"]
[Date "2021.06.01"]
[WhiteClock "0:00:03"]
[BlackClock "0:00:08"]

1. d4 Nf6 2. Bg5 d5 3. Bxf6 exf6 4. e3 c6 5. Ne2 f5 6. g3 Nd7 7. Bg2 h5 8. h4 Nf6 9. Nd2 Bd6 10. c4 Be6 11. c5 Bc7 12. b4 b5 13. a4 a6 14. Nf4 Bxf4 15. exf4 O-O 16. O-O g6 17. Qc2 Qc7 18. Nb3 Rfe8 19. Qb2 Rad8 20. axb5 axb5 21. Ra6 Bc8 22. Ra3 Re7 23. Rfa1 Rde8 24. Qc3 Ne4 25. Bxe4 Rxe4 26. Ra7 Qd8 27. Na5 Qf6 28. Rd1 R4e7 29. Ra8 Bd7 30. Rxe8+ Rxe8 31. Nb7 Re2 32. Kf1 Qe7 33. Re1 Rxe1+ 34. Qxe1 Qe4 35. Qxe4 fxe4 36. Ke2 Kg7 37. f3 exf3+ 38. Kxf3 Bg4+ 39. Ke3 Kf6 40. Nd6 Bd7 41. Kf3 Be6 42. Ne8+ Ke7 43. Nc7 Bg4+ 44. Ke3 Kd7 45. Na8 Kc8 46. Nb6+ Kc7 47. Na8+ Kb7 48. Nb6 Bf5 49. Kf3 Kc7 50. Ke3 Kd8 51. Na8 Bc8 52. Kf3 Bg4+ 53. Ke3 Ke7 54. Nc7 Bc8 55. Kf3 Bb7 56. f5 Kd7 57. fxg6 fxg6 58. Kf4 Kxc7 59. Kg5 Bc8 60. Kxg6 Bg4 61. Kf7 Kd7 62. Kf6 Bd1 63. Kf7 Kd8 64. Kf8 Kd7 65. Kf7 Bc2 66. Kf6 Bb3 67. Kg6 Bd1 68. Kf6 Bf3 69. Kf7 Bg2 70. Kf6 Bh3 71. Kg6 Bg4 72. Kf6 Ke8 73. Kg6 Ke7 74. Kg5 Ke6 75. Kg6 Bf3 76. Kg5 Ke7 77. Kg6 Ke6 78. Kg5 Kf7 79. Kf5 Bg4+ 80. Kg5 Kg7 81. Kf4 Kf6 82. Ke3 Kf5 83. Kd3 Bh3 84. Ke3 Bg4 85. Kd3 Bf3 86. Ke3 Kg4 87. Kf2 Be4 88. Kg1 Kxg3 89. Kf1 Kxh4 90. Kf2 Kg4 91. Kg1 Kf4 92. Kh2 Ke3 0-1


[Site "https://www.chess.com"]

[Event "Titled Tuesday Blitz June 1 2021"]
[White "Grigorov, Grigor"]
[Black "Lamaze, Simon"]
[WhiteFideId "2907313"]
[BlackFideId "36069264"]
[WhiteElo "2510"]
[BlackElo "1938"]
[Result "1-0"]
[Round "10"]
[TimeControl "180+1"]
[Date "2021.06.01"]
[WhiteClock "0:00:58"]
[BlackClock "0:00:11"]

1. d4 Nf6 2. c4 e6 3. Nf3 b6 4. g3 Bb7 5. Bg2 Be7 6. O-O O-O 7. Nc3 Ne4 8. Bd2 d6 9. Qc2 Nxc3 10. Bxc3 f5 11. Ne1 Bxg2 12. Nxg2 Bf6 13. e4 Qd7 14. exf5 exf5 15. d5 Bxc3 16. Qxc3 a5 17. Nf4 Na6 18. Ne6 Rf7 19. Rfe1 Re8 20. Re2 Ree7 21. Rae1 Nc5 22. Nxc5 dxc5 23. Re6 Kf8 24. Qe5 Qd8 25. Qf4 g6 26. Qe5 Rxe6 27. dxe6 Rg7 28. a4 Qd4 29. e7+ Ke8 30. Qe6 1-0


[Site "https://www.chess.com"]

[Event "Titled Tuesday Blitz June 1 2021"]
[White "Hebden, Mark L"]
[Black "Hoffmann, Asa"]
[WhiteFideId "400084"]
[BlackFideId "2001470"]
[WhiteElo "2457"]
[BlackElo "2117"]
[Result "1-0"]
[Round "10"]
[TimeControl "180+1"]
[Date "2021.06.01"]
[WhiteClock "0:01:28"]
[BlackClock "0:01:07"]

1. d4 Nf6 2. Nf3 d6 3. Nc3 c6 4. e4 Bg4 5. h3 Bh5 6. Qe2 e6 7. g4 Bg6 8. h4 h5 9. g5 Nfd7 10. Be3 Be7 11. Nd2 d5 12. Bg2 Qc7 13. f4 dxe4 14. Ncxe4 Na6 15. O-O O-O-O 16. c3 Nb6 17. Nb3 Nd5 18. Bd2 Qd7 19. a3 Nac7 20. c4 Nb6 21. Be3 Kb8 22. a4 Bb4 23. a5 Nc8 24. Nec5 Bxc5 25. Nxc5 Qe7 26. a6 b6 27. Nb7 Rd6 28. Nxd6 Qxd6 29. f5 Bxf5 30. Bf4 Qxd4+ 31. Kh1 Ne7 32. Rad1 Qc5 33. Rd7 Rc8 34. Bd6 Qb4 35. Bxb4 1-0


[Site "https://www.chess.com"]

[Event "Titled Tuesday Blitz June 1 2021"]
[White "Hess, Robert"]
[Black "Vlassov, Nikolai"]
[WhiteFideId "2022036"]
[BlackFideId "4103360"]
[WhiteElo "2557"]
[BlackElo "2407"]
[Result "1-0"]
[Round "10"]
[TimeControl "180+1"]
[Date "2021.06.01"]
[WhiteClock "0:00:10"]
[BlackClock "0:00:04"]

1. b3 e5 2. Bb2 Nc6 3. e3 d5 4. Bb5 Bd6 5. Nf3 Qe7 6. d4 e4 7. Ne5 Bd7 8. c4 Nxe5 9. dxe5 Bb4+ 10. Kf1 Bxb5 11. cxb5 O-O-O 12. b6 Bc5 13. bxc7 Kxc7 14. Nc3 Qe6 15. Rc1 Kb8 16. Nxe4 Be7 17. Nc5 Bxc5 18. Rxc5 Ne7 19. g3 Qh3+ 20. Ke2 Rc8 21. Rxc8+ Rxc8 22. Qd3 Nc6 23. Rc1 Qh5+ 24. Kf1 Qxh2 25. Qxd5 a6 26. Qg2 Qh5 27. Qe4 Ka7 28. Kg2 Qg6 29. Qxg6 hxg6 30. f4 Rd8 31. Rc2 Nb4 32. Re2 Rd3 33. Bd4+ Kb8 34. Kf3 f5 35. exf6 gxf6 36. Bxf6 Kc8 37. Ke4 Rd1 38. Bc3 Nd5 39. Bd4 Nc7 40. g4 Kd7 41. f5 gxf5+ 42. gxf5 Nb5 43. Be5 Ke7 44. Rg2 Kf8 45. Rg6 Kf7 46. Rf6+ Ke7 47. Rb6 Nc3+ 48. Bxc3 Kd7 49. Rxb7+ Kc6 50. Rg7 Rc1 51. Rg6+ Kb5 52. Bd4 Kb4 53. Rb6+ Ka3 54. Rxa6+ Kb4 55. Ra4+ Kb5 56. Rc4 Rf1 57. a4+ Ka6 58. Rc6+ Kb7 59. Re6 Rh1 60. f6 Rh6 61. Re7+ Kc6 62. f7 Re6+ 63. Rxe6+ 1-0


[Site "https://www.chess.com"]

[Event "Titled Tuesday Blitz June 1 2021"]
[White "Ibrahimli, Murad"]
[Black "Manafov, Vugar"]
[WhiteFideId "13410229"]
[BlackFideId "13410814"]
[WhiteElo "2109"]
[BlackElo "2274"]
[Result "1/2-1/2"]
[Round "10"]
[TimeControl "180+1"]
[Date "2021.06.01"]
[WhiteClock "0:00:13"]
[BlackClock "0:00:12"]

1. d4 Nf6 2. c4 e6 3. Nf3 Bb4+ 4. Bd2 a5 5. g3 O-O 6. Bg2 d5 7. Qc2 Nbd7 8. O-O c6 9. b3 Ne4 10. a3 Nxd2 11. Nbxd2 Be7 12. e4 b5 13. cxb5 cxb5 14. exd5 exd5 15. Rfe1 Bb7 16. Nf1 Bf6 17. Ne3 Qb6 18. Qf5 Qd6 19. Ng4 Rfd8 20. h4 g6 21. Nxf6+ Nxf6 22. Qe5 Ne4 23. Qxd6 Rxd6 24. Rac1 Rd7 25. Ne5 Re7 26. Nd3 Rae8 27. b4 axb4 28. axb4 Kf8 29. Ra1 f6 30. Ra7 Bc8 31. Rxe7 Rxe7 32. Rc1 Bf5 33. Nc5 h5 34. Bf1 Bd7 35. Nxd7+ Rxd7 36. Bxb5 Rb7 37. Rc8+ Kg7 38. Bc6 Rxb4 39. Rc7+ Kh8 40. Bxd5 Rxd4 41. Bf7 Kg7 42. Be8+ Kh6 43. Re7 f5 44. Re6 Rd6 45. Rxd6 Nxd6 46. Bc6 Kg7 47. Kg2 Kf6 48. Kf3 Ke5 49. Bd7 Nc4 50. Be8 Kf6 51. Kf4 Ne5 52. Ke3 Ng4+ 53. Ke2 Ne5 54. f3 Nc4 55. Kd3 Nd6 56. Ba4 f4 57. gxf4 Nf5 58. Ke4 Nxh4 59. Bd7 Nf5 60. Kd3 h4 61. Ke2 Ke7 62. Bxf5 gxf5 63. Kf2 Kf6 64. Kg2 Kg6 65. Kh3 Kh5 66. Kg2 Kg6 67. Kh3 Kh5 68. Kg2 Kg6 1/2-1/2


[Site "https://www.chess.com"]

[Event "Titled Tuesday Blitz June 1 2021"]
[White "Iniyan, P"]
[Black "Rustemov, Alexander"]
[WhiteFideId "25002767"]
[BlackFideId "4119002"]
[WhiteElo "2400"]
[BlackElo "2660"]
[Result "1/2-1/2"]
[Round "10"]
[TimeControl "180+1"]
[Date "2021.06.01"]
[WhiteClock "0:01:05"]
[BlackClock "0:00:13"]

1. d4 d5 2. c4 c6 3. Nf3 Nf6 4. Nc3 a6 5. g3 b5 6. c5 Bf5 7. Bg2 h6 8. Ne5 e6 9. O-O Be7 10. a4 b4 11. Na2 a5 12. Bd2 O-O 13. Nc1 Qc7 14. Nb3 Nbd7 15. f4 Be4 16. Be1 Bxg2 17. Kxg2 Nxe5 18. fxe5 Ne4 19. Nd2 Nxd2 20. Bxd2 f6 21. Bf4 Qb7 22. Qd3 Qa6 23. Qxa6 Rxa6 24. exf6 Bxf6 25. e3 Ra7 26. Bd6 Be7 27. Be5 Bg5 28. Bf4 Bf6 29. Rf3 Re8 30. Be5 Bxe5 31. dxe5 Rf7 32. Raf1 Ref8 33. g4 g5 34. Rxf7 Rxf7 35. Rh1 Kg7 36. h4 gxh4 37. Rxh4 Kg6 38. Rh1 b3 39. Kg3 Kg5 40. Rh5+ Kg6 41. Rh1 Kg5 42. Rd1 Rb7 43. Rd4 h5 44. gxh5 Kxh5 45. Rf4 Kg5 46. Rf6 Rb4 47. Rxe6 Rxa4 48. Rxc6 Re4 49. Kf3 a4 50. Ra6 Kf5 51. c6 Rc4 52. Ra5 Kxe5 53. e4 Rxe4 54. Rc5 Rf4+ 55. Ke3 Rf8 56. c7 Rc8 57. Rc6 d4+ 58. Kd3 Kd5 59. Rc4 Kd6 60. Rxa4 Rxc7 61. Rxd4+ Kc5 62. Rc4+ Kb6 63. Rb4+ Ka5 64. Rxb3 Rd7+ 65. Kc2 Rd8 66. Kb1 Ka6 67. Ka2 Rd6 68. Rh3 Rg6 69. Kb3 Kb6 70. Ka4 Rf6 71. b3 Rg6 72. Rh5 Rf6 73. Rb5+ Ka6 74. Ra5+ Kb6 75. Ra8 Kb7 76. Rh8 Rf4+ 77. Ka5 Rf5+ 78. Ka4 Rf4+ 79. b4 Rf5 80. Rh6 Ka7 81. Rh7+ Kb6 82. Rh6+ Kb7 83. Rd6 Ka7 84. Kb3 Kb7 85. Kc4 Kc7 86. Ra6 Kb7 87. Ra3 Rh5 88. Rd3 Rh4+ 89. Kc5 Rh5+ 90. Rd5 Rxd5+ 91. Kxd5 Kb6 92. Kc4 Kc6 93. b5+ Kb6 94. Kb4 Kb7 95. Kc5 Kc7 96. b6+ Kb7 97. Kb5 Kb8 98. Kc6 Kc8 99. b7+ Kb8 100. Kb6 1/2-1/2


[Site "https://www.chess.com"]

[Event "Titled Tuesday Blitz June 1 2021"]
[White "Ishbaev, Alibek"]
[Black "Blomqvist, Erik"]
[WhiteFideId "14205017"]
[BlackFideId "1709437"]
[WhiteElo "2377"]
[BlackElo "2460"]
[Result "0-1"]
[Round "10"]
[TimeControl "180+1"]
[Date "2021.06.01"]
[WhiteClock "0:00:24"]
[BlackClock "0:01:25"]

1. c4 Nf6 2. Nc3 e5 3. g3 d5 4. cxd5 Nxd5 5. Nf3 Nf6 6. Nxe5 Bc5 7. Nf3 O-O 8. Bg2 Re8 9. O-O Nc6 10. e3 Qd3 11. Ne1 Qg6 12. d4 Bd6 13. Nd3 h5 14. h4 Bg4 15. Qd2 Rad8 16. a3 Bf5 17. Rd1 Na5 18. Qe2 Nb3 19. Ra2 Nxd4 20. Qf1 Nb3 21. Nf4 Bxf4 22. exf4 Bd3 23. Rxd3 Qxd3 24. Qxd3 Rxd3 25. Be3 Ng4 0-1


[Site "https://www.chess.com"]

[Event "Titled Tuesday Blitz June 1 2021"]
[White "Ismayil, Malak"]
[Black "Senthil Maran K"]
[WhiteFideId "13412604"]
[BlackFideId "25035681"]
[WhiteElo "1879"]
[BlackElo "2194"]
[Result "0-1"]
[Round "10"]
[TimeControl "180+1"]
[Date "2021.06.01"]
[WhiteClock "0:00:09"]
[BlackClock "0:00:22"]

1. e4 c6 2. d4 d5 3. exd5 cxd5 4. Bd3 Nf6 5. c3 Qc7 6. h3 g6 7. Nf3 Bf5 8. Bb5+ Nc6 9. Ne5 Bg7 10. O-O O-O 11. Bxc6 bxc6 12. Bf4 Qb6 13. Nd2 c5 14. dxc5 Qxc5 15. Nb3 Qb6 16. Re1 Rfd8 17. Qe2 Ne4 18. Be3 Qc7 19. Nf3 e5 20. Rad1 h6 21. Nfd2 Nxd2 22. Rxd2 a5 23. Red1 a4 24. Nc1 Be6 25. Nd3 d4 26. cxd4 exd4 27. Bf4 Qc4 28. a3 Rac8 29. Rc1 Qd5 30. Rdc2 Rxc2 31. Rxc2 Qb5 32. Rc5 Qa6 33. Qd2 Rc8 34. Nb4 Qb7 35. Rxc8+ Qxc8 36. Bxh6 Bf6 37. Bg5 Bg7 38. Bh6 Bh8 39. Bf4 Qc4 40. h4 Bf5 41. h5 gxh5 42. Bd6 d3 43. Qg5+ Bg6 44. Qd8+ Kh7 45. Bf4 Qxf4 46. Nxd3 Qd2 0-1


[Site "https://www.chess.com"]

[Event "Titled Tuesday Blitz June 1 2021"]
[White "Ivanisevic, Ivan"]
[Black "Blit, Jacques"]
[WhiteFideId "912417"]
[BlackFideId "114839"]
[WhiteElo "2499"]
[BlackElo "2390"]
[Result "1-0"]
[Round "10"]
[TimeControl "180+1"]
[Date "2021.06.01"]
[WhiteClock "0:00:24"]
[BlackClock "0:00:02"]

1. d4 g6 2. Nc3 Bg7 3. Bf4 d6 4. Qd2 c6 5. e4 b5 6. Nf3 Nd7 7. Bd3 b4 8. Ne2 a5 9. O-O e5 10. dxe5 dxe5 11. Bg5 Ne7 12. a3 bxa3 13. Rxa3 h6 14. Be3 f5 15. Qc3 O-O 16. Rd1 Qc7 17. Bc5 Nxc5 18. Qxc5 Be6 19. Nc3 g5 20. Nb5 Qb7 21. Nd6 Qc7 22. exf5 Nxf5 23. Nxf5 Bxf5 24. Bxf5 Rxf5 25. Rad3 Raf8 26. Rd7 Qc8 27. Qc4+ R5f7 28. R1d6 Kh8 29. Rxf7 1-0


[Site "https://www.chess.com"]

[Event "Titled Tuesday Blitz June 1 2021"]
[White "Jarovinsky, Alexey"]
[Black "Heinemann, Josefine"]
[WhiteFideId "14115131"]
[BlackFideId "12900460"]
[WhiteElo "2446"]
[BlackElo "2300"]
[Result "1-0"]
[Round "10"]
[TimeControl "180+1"]
[Date "2021.06.01"]
[WhiteClock "0:00:03"]
[BlackClock "0:00:02"]

1. Nc3 d5 2. e4 d4 3. Nce2 c5 4. Ng3 Nc6 5. Bb5 Bd7 6. f4 e6 7. Nf3 Bd6 8. Bxc6 Bxc6 9. d3 Qc7 10. e5 Be7 11. O-O Nh6 12. Qe2 O-O 13. Bd2 Rae8 14. Rae1 Bd8 15. b3 b6 16. a4 Nf5 17. Ne4 h5 18. Ng3 Nxg3 19. hxg3 g6 20. Bc1 Be7 21. Nd2 a6 22. g4 hxg4 23. Qxg4 Kg7 24. Ne4 Rh8 25. f5 exf5 26. Rxf5 Bd7 27. Rxf7+ Kxf7 28. e6+ Bxe6 29. Rf1+ Kg7 30. Qxe6 Bd8 31. Qg4 Qh2+ 32. Kf2 Rhf8+ 33. Ke2 Rxf1 34. Kxf1 Rf8+ 35. Ke2 Qc7 36. g3 Qf7 37. Bf4 Bc7 38. Ng5 Qf5 39. Ne6+ Kg8 40. Qxf5 Rxf5 41. Nxc7 Kf7 42. Bd2 b5 43. Nxa6 bxa4 44. bxa4 Ke6 45. Nc7+ Kd6 46. Nb5+ Kc6 47. Na3 Rh5 48. Nc4 Rh2+ 49. Kf3 Kb7 50. a5 Ka6 51. g4 Rh1 52. g5 Rg1 53. Ke4 Rg2 54. Kd5 Re2 55. Kxc5 Rg2 56. Kxd4 Rg4+ 57. Kc5 1-0


[Site "https://www.chess.com"]

[Event "Titled Tuesday Blitz June 1 2021"]
[White "Jia, Haoxiang"]
[Black "Kjartansson, Gudmundur"]
[WhiteFideId "8602999"]
[BlackFideId "2301318"]
[WhiteElo "2629"]
[BlackElo "2329"]
[Result "1-0"]
[Round "10"]
[TimeControl "180+1"]
[Date "2021.06.01"]
[WhiteClock "0:01:30"]
[BlackClock "0:00:02"]

1. d4 Nf6 2. c4 e6 3. Nf3 d5 4. g3 Be7 5. Bg2 O-O 6. O-O dxc4 7. Qc2 a6 8. a4 Bd7 9. Qxc4 Bc6 10. Bf4 Bd6 11. Qc1 Bxf4 12. Qxf4 Qd6 13. Qh4 Nbd7 14. Nc3 Bxf3 15. Bxf3 c6 16. Rfd1 a5 17. Rd2 Qb4 18. Rad1 Nb6 19. g4 Nxa4 20. Nxa4 Qxa4 21. g5 Nd5 22. Be4 g6 23. Rd3 Nb4 24. b3 Qb5 25. Rh3 h5 26. gxh6 f5 27. Qe7 Rf7 28. h7+ Kg7 29. Qxe6 fxe4 30. h8=Q+ Rxh8 31. Rxh8 Qxe2 32. Rh7+ Kxh7 33. Qxf7+ Kh8 34. Ra1 Qg4+ 35. Kh1 Nd3 36. Rg1 Qf3+ 37. Qxf3 exf3 38. Rxg6 Nxf2+ 39. Kg1 Ne4 40. Re6 f2+ 41. Kf1 Nd2+ 42. Kxf2 Nxb3 43. Re8+ Kg7 44. Re7+ Kf6 45. Rxb7 Nxd4 46. Ra7 Nb3 47. Ra6 Nd4 48. Rxa5 Ne6 49. Kg3 c5 50. Ra6 Kf5 51. Rc6 Ke5 52. Kg4 Kd5 53. Rc8 c4 54. h4 Nc5 55. Rd8+ 1-0


[Site "https://www.chess.com"]

[Event "Titled Tuesday Blitz June 1 2021"]
[White "Khusnutdinov, Rustam"]
[Black "Cruz, Jonathan"]
[WhiteFideId "13701703"]
[BlackFideId "3802124"]
[WhiteElo "2571"]
[BlackElo "2381"]
[Result "1-0"]
[Round "10"]
[TimeControl "180+1"]
[Date "2021.06.01"]
[WhiteClock "0:02:19"]
[BlackClock "0:00:02"]

1. d4 c6 2. c4 d5 3. Nc3 Nf6 4. Nf3 g6 5. Bg5 Bg7 6. e3 O-O 7. h3 Ne4 8. Bh4 Nxc3 9. bxc3 Nd7 10. cxd5 cxd5 11. c4 Nf6 12. Be2 1-0


[Site "https://www.chess.com"]

[Event "Titled Tuesday Blitz June 1 2021"]
[White "Korchmar, Vasiliy"]
[Black "Jakubowski, Krzysztof"]
[WhiteFideId "24131750"]
[BlackFideId "1112848"]
[WhiteElo "2370"]
[BlackElo "2462"]
[Result "1-0"]
[Round "10"]
[TimeControl "180+1"]
[Date "2021.06.01"]
[WhiteClock "0:00:14"]
[BlackClock "0:00:37"]

1. d4 Nf6 2. c4 e6 3. g3 d5 4. Bg2 Bb4+ 5. Nd2 O-O 6. Nf3 dxc4 7. Qc2 a5 8. a3 Bxd2+ 9. Bxd2 b5 10. a4 c6 11. e4 Na6 12. e5 Nd5 13. Ng5 g6 14. Qe4 Kg7 15. Qh4 h6 16. Nxe6+ fxe6 17. Qxh6+ Kf7 18. Qh7+ Ke8 19. Qxg6+ Kd7 20. axb5 cxb5 21. Bxd5 exd5 22. Qd6+ Ke8 23. Qg6+ Kd7 24. Bg5 Qc7 25. e6+ 1-0


[Site "https://www.chess.com"]

[Event "Titled Tuesday Blitz June 1 2021"]
[White "Krishna Teja, N"]
[Black "Langner, Ladislav"]
[WhiteFideId "5001498"]
[BlackFideId "300403"]
[WhiteElo "2278"]
[BlackElo "2346"]
[Result "1-0"]
[Round "10"]
[TimeControl "180+1"]
[Date "2021.06.01"]
[WhiteClock "0:00:27"]
[BlackClock "0:00:43"]

1. d4 Nf6 2. c4 g6 3. g3 Bg7 4. Bg2 d5 5. cxd5 Nxd5 6. Nf3 Nb6 7. O-O Nc6 8. e3 O-O 9. Nc3 Re8 10. h3 e5 11. d5 Na5 12. Nd2 c6 13. dxc6 Nxc6 14. Qe2 Be6 15. Rd1 Qe7 16. b3 e4 17. Bb2 f5 18. Rac1 Ne5 19. Ba1 Nd3 20. Rb1 Rac8 21. Nb5 Rc2 22. Bxg7 Kxg7 23. a4 Nd5 24. Nd4 Nc3 25. Qf1 Ra2 26. Ra1 Nxd1 27. Rxa2 N1xf2 28. Qa1 Rc8 29. Nxf5+ Kf8 30. Qh8+ Bg8 31. Qxg8+ 1-0


[Site "https://www.chess.com"]

[Event "Titled Tuesday Blitz June 1 2021"]
[White "Lazavik, Denis"]
[Black "Abdusattorov, Nodirbek"]
[WhiteFideId "13515110"]
[BlackFideId "14204118"]
[WhiteElo "2436"]
[BlackElo "2662"]
[Result "0-1"]
[Round "10"]
[TimeControl "180+1"]
[Date "2021.06.01"]
[WhiteClock "0:00:58"]
[BlackClock "0:02:27"]

1. d4 Nf6 2. c4 e6 3. Nf3 d5 4. Nc3 c5 5. cxd5 Nxd5 6. e4 Nxc3 7. bxc3 cxd4 8. cxd4 Bb4+ 9. Bd2 Bxd2+ 10. Qxd2 O-O 11. Bc4 b6 12. O-O Bb7 13. Rfe1 Nd7 14. Rad1 Rc8 15. Bb3 h6 16. Re3 Nf6 17. d5 exd5 18. e5 Ne4 19. Qe1 Qe7 20. Nd4 Qh4 21. g3 Qe7 22. f3 Nc5 23. Nf5 Qe6 24. Nd6 Rc7 25. f4 Nxb3 26. axb3 d4 27. Rxd4 Ba8 28. f5 Qd7 29. h4 Qc6 30. Ree4 Re7 31. Kh2 Rxe5 32. Rc4 Rxe4 33. Nxe4 Qd5 34. Qd2 Qxf5 35. Nd6 Qf3 36. Rc1 Rd8 0-1


[Site "https://www.chess.com"]

[Event "Titled Tuesday Blitz June 1 2021"]
[White "Le, Tuan Minh"]
[Black "Quparadze, Giga"]
[WhiteFideId "12401153"]
[BlackFideId "13602250"]
[WhiteElo "2450"]
[BlackElo "2658"]
[Result "0-1"]
[Round "10"]
[TimeControl "180+1"]
[Date "2021.06.01"]
[WhiteClock "0:00:02"]
[BlackClock "0:00:18"]

1. d4 Nf6 2. Nf3 b6 3. Bf4 Bb7 4. e3 c5 5. c3 d6 6. Nbd2 g6 7. a4 a6 8. h3 Bg7 9. Bd3 O-O 10. Qe2 Nc6 11. O-O Re8 12. Bh2 e5 13. dxe5 Nxe5 14. Nxe5 dxe5 15. Nc4 b5 16. Nxe5 c4 17. Bc2 Ne4 18. Rfd1 Qg5 19. Nf3 Qc5 20. axb5 axb5 21. Rxa8 Bxa8 22. Bf4 Bc6 23. Nd4 Bb7 24. Qe1 h5 25. Bh2 Qb6 26. Qe2 Qc5 27. Bxe4 Bxe4 28. Qd2 Bd3 29. b4 Qd5 30. Ne2 Rd8 31. Bc7 Rd7 32. Bb6 Qa8 33. Bd4 Bh6 34. Nf4 Be4 35. f3 Bc6 36. Qf2 Qd8 37. Qg3 Kh7 38. Ra1 Qe7 39. Ra6 Rxd4 40. exd4 Bb7 41. Rxg6 Qe3+ 42. Kh1 Qc1+ 43. Kh2 Bxf4 44. Rg7+ Kh6 0-1


[Site "https://www.chess.com"]

[Event "Titled Tuesday Blitz June 1 2021"]
[White "Lysyj, Igor"]
[Black "Nguyen, Ngoc Truong Son"]
[WhiteFideId "4150120"]
[BlackFideId "12401110"]
[WhiteElo "2660"]
[BlackElo "2596"]
[Result "1/2-1/2"]
[Round "10"]
[TimeControl "180+1"]
[Date "2021.06.01"]
[WhiteClock "0:00:16"]
[BlackClock "0:00:06"]

1. d4 Nf6 2. c4 c5 3. d5 e6 4. Nc3 exd5 5. cxd5 d6 6. Nf3 g6 7. Bf4 a6 8. a4 Bg7 9. h3 O-O 10. e3 Re8 11. Nd2 Nbd7 12. Be2 Ne5 13. O-O Rb8 14. Bh2 b5 15. axb5 axb5 16. Bxb5 Bd7 17. Bxd7 Nfxd7 18. Qc2 c4 19. Rab1 f5 20. Ne2 Rc8 21. Rfd1 Nd3 22. Nxc4 Nxf2 23. Kxf2 Qh4+ 24. Bg3 Rxc4 25. Qd3 Qe4 26. Nc3 Qxd3 27. Rxd3 Nc5 28. Rdd1 Bxc3 29. bxc3 Ne4+ 30. Kf3 Nxc3 31. Bxd6 Nxb1 32. Rxb1 Rd8 33. Be5 Rxd5 34. Rb8+ Kf7 35. Rb7+ Ke6 36. Bd4 Rd7 37. Rb6+ Kf7 38. h4 Rc1 39. g3 Rf1+ 40. Kg2 Rc1 41. Kf3 Rc8 42. Kf4 Re8 43. Kf3 Re6 44. Rb8 h6 45. Rh8 g5 46. Rh7+ Ke8 47. Rh8+ Ke7 48. Bc5+ Kf7 49. Rh7+ Ke8 50. Rh8+ Kf7 51. Rh7+ Ke8 52. Rh8+ Kf7 1/2-1/2


[Site "https://www.chess.com"]

[Event "Titled Tuesday Blitz June 1 2021"]
[White "Maksimovic, Bojan"]
[Black "Sawlin, Leonid"]
[WhiteFideId "14408120"]
[BlackFideId "4689542"]
[WhiteElo "2437"]
[BlackElo "2412"]
[Result "1-0"]
[Round "10"]
[TimeControl "180+1"]
[Date "2021.06.01"]
[WhiteClock "0:00:09"]
[BlackClock "0:00:13"]

1. e4 e6 2. d4 d5 3. Nc3 Nf6 4. Bg5 Be7 5. e5 Nfd7 6. Bxe7 Qxe7 7. Nb5 Nb6 8. c3 a6 9. Na3 N8d7 10. f4 c5 11. Nc2 f6 12. Nf3 O-O 13. Bd3 Na4 14. Rb1 b5 15. O-O Nab6 16. Ne3 b4 17. Qe2 a5 18. exf6 Rxf6 19. Ne5 c4 20. Bc2 b3 21. axb3 cxb3 22. Bd3 a4 23. f5 Nf8 24. N3g4 Rxf5 25. Bxf5 exf5 26. Ne3 g6 27. Qf3 Be6 28. g4 fxg4 29. N3xg4 Rc8 30. Nf6+ Kg7 31. Rbe1 a3 32. bxa3 b2 33. Qg3 Na4 34. Nh5+ Kg8 35. Nf4 Rxc3 36. Qg2 Nb6 37. Qxb2 Qg5+ 38. Kh1 Bf5 39. Qxc3 Be4+ 40. Rxe4 dxe4 41. Qe3 Qf5 42. Kg1 Kg7 43. Ng2 Qe6 44. Qf4 Qe7 45. Ne3 Nbd7 46. Nxd7 Nxd7 47. Nd5 Qe6 48. Ne3 Nf6 49. Qxf6+ Qxf6 50. Rxf6 Kxf6 51. a4 Ke7 52. a5 Kd6 53. d5 Kc7 54. Kf2 Kb7 55. d6 Ka6 56. d7 Kxa5 57. d8=Q+ Kb4 58. Qe7+ Kc3 59. Qxh7 Kd3 60. Qxg6 Kd2 61. h4 Kd3 62. h5 Kd2 63. Qxe4 Kc1 64. Qc2# 1-0


[Site "https://www.chess.com"]